 Dungeon Crawl Stone Soup version 0.29-a0-121-g8efb068a30 (webtiles) character file.

Game seed: 7798533820653916287

754 Grim the Cleaver (level 7, 0/56 HPs)
             Began as a Minotaur Gladiator on Feb 20, 2022.
             Slain by an ice beast (11 damage)
             ... on level 5 of the Dungeon.
             The game lasted 00:07:08 (4646 turns).

Grim the Cleaver (Minotaur Gladiator)               Turns: 4646, Time: 00:07:09

Health: 0/56       AC:  7    Str: 18    XL:     7   Next: 49%
Magic:  6/6        EV: 11    Int:  7    God:
Gold:   171        SH:  0    Dex: 12    Spells: 6/6 levels left

rFire   . . .      SeeInvis +   a - +0 war axe
rCold   . . .      Faith    .   (no shield)
rNeg    + . .      Spirit   .   i - +0 ring mail {rN+}
rPois   .          Reflect  .   c - +0 hat
rElec   .          Harm     .   k - +0 cloak
rCorr   .          Rampage  .   s - +0 pair of gloves
Will    .....                   (no boots)
Stlth   +.........              (no amulet)
HPRegen 0.18/turn               h - ring of see invisible
MPRegen 0.10/turn               (no ring)

@: studying Poison Magic
A: horns 2, retaliatory headbutt
a: no special abilities


You were on level 5 of the Dungeon.
You visited 1 branch of the dungeon, and saw 5 of its levels.
You also visited: Sewer.

You collected 171 gold pieces.

Inventory:

Hand Weapons
 a - a +0 war axe (weapon)
 b - the +9 hunting sling "Tiol" {freeze, rElec rCorr Str+5}
   (You found it on level 2 of the Dungeon)

   Any ammunition fired from it freezes those it strikes, dealing additional
   cold damage.
   It can also slow down cold-blooded creatures.
   Str:       It affects your strength (+5).
   rElec:     It insulates you from electricity.
   rCorr:     It protects you from acid and corrosion.
Missiles
 d - 3 throwing nets (quivered)
 g - 8 poisoned darts
 o - 61 stones
 r - 6 silver javelins
 B - 21 sling bullets
Armour
 c - a +0 hat (worn)
 i - a +0 ring mail of positive energy (worn)
 k - a +0 cloak (worn)
 s - a +0 pair of gloves (worn)
 y - a +0 chain mail
Jewellery
 h - a ring of see invisible (left hand)
 v - a ring of protection from cold
Wands
 A - a wand of polymorph (10)
 C - a wand of iceblast (4)
 G - a wand of mindburst (16)
Scrolls
 e - 6 scrolls of teleportation
 j - 2 scrolls of enchant armour
 l - a scroll of brand weapon {unknown}
 n - 2 scrolls of vulnerability
 p - 2 scrolls of amnesia {unknown}
 t - 2 scrolls of immolation {unknown}
 w - a scroll of fog {unknown}
 D - a scroll of acquirement {unknown}
 F - a scroll of summoning {unknown}
Potions
 m - 3 potions of flight
 q - a potion of resistance {unknown}
 u - 2 potions of attraction
 x - a potion of haste {unknown}
 z - 2 potions of curing
 E - a potion of cancellation {unknown}


   Skills:
 - Level 2.5 Fighting
 * Level 9.1 Axes
 + Level 4.6(4.9) Slings
 - Level 2.1(3.4) Throwing
 - Level 3.3 Dodging


You had 6 spell levels left.
You didn't know any spells.
Your spell library contained the following spells:

 Spells                   Type           Power      Damage    Failure   Level
 Freeze                   Ice            0%         1d3       63%         1
 Frozen Ramparts          Ice            0%         1d2       94%         3
 Hailstorm                Conj/Ice       0%         3d3       100%        4


Dungeon Overview and Level Annotations

Branches:
Dungeon (5/15)              Sewer (visited)
 Temple: D:4-7

Altars:
Dithmenos
Xom

Shops:
D:4 ?[:[


Innate Abilities, Weirdness & Mutations

You have a pair of horns on your head.
You reflexively headbutt those who attack you in melee.


Message History

You barely miss the ice beast.
The ice beast is heavily wounded.
The ice beast hits you. The ice beast freezes you!
* * * LOW HITPOINT WARNING * * *
You hit the ice beast.
The ice beast is severely wounded.
The ice beast closely misses you. You furiously retaliate!
You headbutt the ice beast, but do no damage.
You closely miss the ice beast.
The ice beast is severely wounded.
The ice beast barely misses you.
You barely miss the ice beast. Your headbutt misses the ice beast.
The ice beast is heavily wounded.
The ice beast hits you but does no damage.
You barely miss the ice beast.
The ice beast is heavily wounded.
The ice beast barely misses you.
You hit the ice beast but do no damage. Your headbutt misses the ice beast.
The ice beast is heavily wounded.
The ice beast hits you.
* * * LOW HITPOINT WARNING * * *
The ice beast freezes you!
* * * LOW HITPOINT WARNING * * *
The ice beast hits you but does no damage.
You hit the ice beast.
The ice beast is severely wounded.
The ice beast barely misses you.
You hit the ice beast.
The ice beast is almost dead.
The ice beast hits you.
* * * LOW HITPOINT WARNING * * *
The ice beast freezes you.
* * * LOW HITPOINT WARNING * * *
Unknown command.
You hit the ice beast but do no damage.
The ice beast is almost dead.
The ice beast hits you.
* * * LOW HITPOINT WARNING * * *
The ice beast freezes you!
You die...

### #.#########
#..<#.....###
#.#........<####
#.###.....#.......
#@# #..........##.
#Y# #.....####....
#.# #.....# ....
#....# ###..## ..#
#(...# ♣P.♣ .#
P≈....# ♣♣.♣ ##
PP≈P....# ♣≈P
≈≈≈≈....! ≈≈P♣
P≈≈≈..##♣


You could see an ice beast.

Vanquished Creatures
  Pargi (Sewer)
  A necrophage (D:4)
  2 phantoms (D:4)
  A hound (D:4)
  2 jellies (D:4)
  3 orc priests (D:4)
  A centaur skeleton (D:4)
  An iguana (D:3)
  2 orc wizards (D:4)
  6 adders
  An adder skeleton (D:4)
  A worm (D:3)
  A dart slug (D:1)
  5 orcs
  8 ball pythons
  4 endoplasms
  5 giant cockroaches
  12 goblins
  3 hobgoblins
  2 jackals (D:1)
  11 quokkas
  3 bats
  3 frilled lizards
  4 kobolds
  8 rats
91 creatures vanquished.

Notes
Turn   | Place    | Note
-------+----------+-------------------------------------------
     0 | D:1      | Grim the Minotaur Gladiator began the quest for the Orb.
     0 | D:1      | Reached XP level 1. HP: 18/18 MP: 0/0
   236 | D:1      | Reached skill level 4 in Axes
   362 | D:1      | Reached XP level 2. HP: 25/25 MP: 1/1
   936 | D:1      | Reached XP level 3. HP: 29/30 MP: 2/2
  1093 | D:2      | Reached skill level 5 in Axes
  1155 | D:2      | Identified the +9 hunting sling "Tiol" {freeze, rElec rCorr
                  | Str+5}
  2013 | D:2      | Reached skill level 1 in Slings
  2013 | D:2      | Found a faded altar of an unknown god.
  2303 | D:3      | Reached XP level 4. HP: 37/37 MP: 3/3
  2402 | D:3      | Found a glowing drain.
  2415 | Sewer    | Entered a sewer
  2466 | Sewer    | Noticed Pargi
  2475 | Sewer    | Killed Pargi
  2476 | Sewer    | Reached skill level 6 in Axes
  2476 | Sewer    | Reached XP level 5. HP: 34/42 MP: 4/4
  3029 | D:3      | Found a shadowy altar of Dithmenos.
  3171 | D:3      | Reached skill level 7 in Axes
  3590 | D:4      | Noticed a necrophage
  3600 | D:4      | Killed a necrophage
  3601 | D:4      | Reached XP level 6. HP: 45/50 MP: 5/5
  3879 | D:4      | Reached skill level 8 in Axes
  3908 | D:4      | Reached XP level 7. HP: 38/56 MP: 6/6
  4046 | D:4      | Found Qiatauv's Book Emporium.
  4178 | D:4      | Found Souj's Antique Armour Emporium.
  4307 | D:4      | Found a shimmering altar of Xom.
  4331 | D:4      | Found Giadusis's Armour Shoppe.
  4361 | D:4      | Reached skill level 9 in Axes
  4495 | D:4      | Found Icuoq's Magic Scroll Emporium.
  4608 | D:5      | Entered Level 5 of the Dungeon
  4646 | D:5      | Slain by an ice beast

Illustrated notes

Levels and vault maps discovered:
D:1:      grunt_arrival_lava_bath, layout_basic, grunt_decor_cap
D:2:      layout_basic, basic_ecumenical_altar, chequers_jeans
D:3:      layout_basic, lemuel_doored_altar, gup_sewer_entry_bubbles
D:4:      layout_rooms, nicolae_overflow_hidden_temple,
          mainiacjoe_overflow_alcove_1, serial_shops, shop,
          nicolae_shop_hallway_plus, shop, nicolae_shop_hallway_stairs,
          hangedman_abyss_or_decor_jellyfish_corner, minmay_manual_mail
D:5:      layout_rooms, lightli_temple_of_fire, serial_bayou,
          serial_bayou_shore_a, serial_bayou_lagoon_b, serial_bayou_crossing,
          serial_bayou_pond_a, ebering_ghost_inner_flame,
          uniq_crazy_yiuf_cottage

Skill      XL: |  1  2  3  4  5  6  7 |
---------------+----------------------+-----
Axes           | 4 5 6 7 8 9 |  9.1
Slings         | 1 2 3 4 |  4.6
Fighting       | |  2.5
Throwing       | |  2.1
Dodging        | |  3.3

Action                   |  1- 3 |  4- 6 |  7- 9 || total
-------------------------+-------+-------+-------++-------
Melee: War axe           |    70 |    54 |    27 ||   151
       Headbutt          |     3 |     9 |     4 ||    16
       Punch             |     1 |       |       ||     1
 Fire: Hunting sling     |    21 |    49 |    14 ||    84
  Use: Scroll            |       |       |     6 ||     6
Armor: Leather armour    |     9 |       |       ||     9
       Ring mail         |    16 |    33 |     7 ||    56
Dodge: Dodged            |    45 |    37 |     9 ||    91

Table legend: (Time is in decaauts)
 A = Elapsed time spent in this place.
 B = Non-inter-level travel time spent in this place.
 C = Inter-level travel time spent in this place.
 D = Time resting spent in this place.
 E = Time spent auto-exploring this place.
 F = Levels seen in this place.
 G = Mean time per level.
                   A        B        C        D        E       F      G
               +--------+--------+--------+--------+--------+-----+--------+
         Total |   4692 |   4433 |    259 |    570 |   3100 |   6 |  782.0 |
       Dungeon |   4470 |   4211 |    259 |    570 |   2940 |   5 |  894.0 |
         Sewer |    222 |    222 |      0 |      0 |    160 |   1 |  222.0 |
               +--------+--------+--------+--------+--------+-----+--------+

Top non-repeatable levels by time:
     D:2: 1153 daAuts
     D:3: 1139 daAuts
     D:1: 1125 daAuts
     D:4: 1014 daAuts
   Sewer: 222 daAuts
     D:5: 37 daAuts
